 Dungeon Crawl Stone Soup version 0.27.1 (webtiles) character file.

Game seed: 10001825535129504035

6959 Malachi the Brawler (level 10, -9/88 HPs)
             Began as a Troll Monk on Aug 25, 2021.
             Killed from afar by a fire dragon (46 damage)
             ... with a blast of flame
             ... on level 1 of the Lair of Beasts.
             The game lasted 00:11:12 (6957 turns).

Malachi the Brawler (Troll Monk)                    Turns: 6957, Time: 00:11:12

Health: -9/88      AC:  9    Str: 24    XL:     10   Next: 81%
Magic:  9/9        EV: 10    Int:  6    God:
Gold:   281        SH:  0    Dex: 12    Spells: 9/9 levels left

rFire    . . .     SeeInvis .     - Unarmed
rCold    . . .     Faith    .   (no shield)
rNeg     . . .     Spirit   .   t - +0 steam dragon scales
rPois    +         Reflect  .   (helmet restricted)
rElec    .         Harm     .   m - +1 cloak
rCorr    +         Rampage  .   (gloves unavailable)
Will     ++...                  (boots unavailable)
Stlth    ++........             (no amulet)
HPRegen  1.24/turn              n - ring of willpower
MPRegen  0.11/turn              h - ring of resist corrosion

@: no status effects
A: large, unfitting armour, claws 3, regeneration 1, shaggy fur 1, tough skin 1,
strong-willed 1, poison resistance, noise suppression
a: no special abilities


You were on level 1 of the Lair of Beasts.
You visited 2 branches of the dungeon, and saw 9 of its levels.
You visited the Abyss 1 time.

You collected 397 gold pieces.
You spent 116 gold pieces at shops.

Inventory:

Hand Weapons
 x - the +1 whip of Cheese {vorpal, +Blink Str-4 Int+7}
   (You took it off a gnoll on level 7 of the Dungeon)

   It inflicts extra damage upon your enemies.
   Str:       It affects your strength (-4).
   Int:       It affects your intelligence (+7).
   +Blink:    It lets you blink.
Missiles
 o - 2 throwing nets (quivered)
Armour
 m - a +1 cloak (worn)
 t - +0 steam dragon scales (worn)
Jewellery
 d - a ring of poison resistance
 h - a ring of resist corrosion (right claw)
 n - a ring of willpower (left claw)
Wands
 e - a wand of iceblast (14)
 p - a wand of digging (2)
 q - a wand of polymorph (3)
 r - a wand of charming (11)
Scrolls
 c - a scroll of brand weapon
 j - 2 scrolls of identify
 k - 2 scrolls of magic mapping
 u - a scroll of amnesia
 y - a scroll of enchant armour
Potions
 a - a potion of mutation
 b - a potion of attraction
 f - 4 potions of brilliance
 g - a potion of cancellation
 i - 4 potions of flight
 l - a potion of lignification
 v - a potion of might
 w - 3 potions of curing


   Skills:
 - Level 2.4 Fighting
 - Level 2.4 Dodging
 - Level 1.0 Stealth
 * Level 15.9 Unarmed Combat


You had 9 spell levels left.
You didn't know any spells.
Your spell library contained the following spells:

 Spells                   Type           Power      Damage    Failure   Level
 Summon Guardian Golem    Hex/Summ       0%         N/A       83%         3
 Orb of Destruction       Conj           0%         N/A       100%        7
 Spellforged Servitor     Conj/Summ      0%         N/A       100%        7


Dungeon Overview and Level Annotations

Branches:
Dungeon (8/15)             Temple (0/1) D:7            Lair (1/6) D:8

Altars:
Ashenzari
Nemelex Xobeh
Ru
Trog
Xom

Shops:
D:7 *

Annotations:
D:5 3 runed translucent doors, Tutankhamun's ghost, novice TrCK


Innate Abilities, Weirdness & Mutations

You are too large for most types of armour.
You have claws for hands.
Your natural rate of healing is unusually fast.
You are covered in fur. (AC +1)
You have tough skin. (AC +1)
You are strong-willed. (Will+)
Your system is resistant to poisons. (rPois)
You passively dampen the noise of your surroundings.


Message History

There is a staircase back to the Dungeon, spattered with blood here.
Unknown command.
Okay, then.
Aiming: Polymorph
Press: ? - help, Shift-Dir - straight line, f - ice dragon
Aim: an ice dragon (will become a shining eye, a spark wasp, or an eye of devastation, chance to affect: 28%)
The ice dragon easily resists.
Aiming: Polymorph
Press: ? - help, Shift-Dir - straight line, f/p - ice dragon
Aim: an ice dragon (will become a shining eye, a spark wasp, or an eye of devastation, chance to affect: 28%)
The ice dragon evaporates and reforms as a spark wasp!
Press: ? - help, v - describe, . - travel A staircase back to the Dungeon, spattered with blood.
Aiming: Polymorph
Press: ? - help, Shift-Dir - straight line, f/p - spark wasp
Aim: a spark wasp (will become a fire dragon, a manticore, or an ice dragon, chance to affect: 28%)
The spark wasp easily resists.
The spark wasp stings you! The spark wasp shocks you!
Aiming: Polymorph
Press: ? - help, Shift-Dir - straight line, f/p - spark wasp
Aim: a spark wasp (will become a fire dragon, a manticore, or an ice dragon, chance to affect: 28%)
The spark wasp easily resists.
The spark wasp stings you but does no damage.
Aiming: Polymorph
Press: ? - help, Shift-Dir - straight line, f/p - spark wasp
Aim: a spark wasp (will become a fire dragon, a manticore, or an ice dragon, chance to affect: 28%)
The spark wasp easily resists.
The spark wasp stings you! The spark wasp shocks you!
The spark wasp closely misses you.
Aiming: Polymorph
Press: ? - help, Shift-Dir - straight line, f/p - spark wasp
Aim: a spark wasp (will become a fire dragon, a manticore, or an ice dragon, chance to affect: 28%)
The spark wasp evaporates and reforms as a fire dragon!
Unknown command.
Blink to where?
Press: ? - help, Dir - move target, p - fire dragon
As you read the scroll of blinking, it crumbles to dust.
The fire dragon breathes flames at you. The blast of flame hits you!!!
Ouch! That really hurt!
You die...

####...................
#####................§.....
#..........................
........##................#
...#P#####.....D......#P#..
# # #................###..
#.##.............# #.
##................# #
##≈≈≈≈.@..........#.#
##.≈≈≈≈≈≈≈≈........###
#..≈≈≈≈≈≈≈≈≈≈.....##
##.≈≈≈≈≈≈≈≈≈≈...#.#
##.≈≈≈≈≈≈≈≈...####
#..≈≈≈≈≈≈≈..##
##..≈≈≈≈≈.### ##......####
##......#.#


You could see a fire dragon (catching breath).

Vanquished Creatures
  2 cane toads (Lair:1)
  A komodo dragon (Lair:1)
  Psyche (D:8)
  4 yaks (D:8)
  4 wyverns
  A steam dragon (D:7)
  A basilisk (D:8)
  Eustachio (D:4)
  8 water moccasins
  2 orc warriors
  Duvessa (D:4)
  2 sky beasts
  An ogre (D:6)
  2 necrophages
  2 phantoms (D:6)
  5 wolves (Lair:1)
  3 kobold brigands
  3 scorpions
  A wyvern zombie (D:7)
  2 gnoll sergeants (D:7)
  Dowan (D:4)
  A water moccasin skeleton (D:4)
  8 wights
  A howler monkey (D:6)
  2 centaur zombies
  2 bullfrog zombies
  A hound (D:4)
  3 bullfrog skeletons
  A gnoll shaman (D:8)
  Crazy Yiuf (D:3)
  6 iguanas
  An orc wizard (D:3)
  A howler monkey zombie (D:8)
  11 adders
  10 gnolls
  2 white imps
  3 ufetubi
  3 adder skeletons
  A worm (D:3)
  A dart slug (D:3)
  24 orcs
  5 ball pythons
  4 endoplasms
  A giant cockroach (D:3)
  4 goblins
  6 hobgoblins
  3 jackals (D:5)
  5 quokkas
  9 bats
  2 frilled lizards
  24 kobolds
  5 rats
199 creatures vanquished.

Vanquished Creatures (others)
  3 fungi (D:8)
  21 plants (D:8)
24 creatures vanquished.

Grand Total: 223 creatures vanquished

Notes
Turn   | Place    | Note
-------+----------+-------------------------------------------
     0 | D:1      | Malachi the Troll Monk began the quest for the Orb.
     0 | D:1      | Reached XP level 1. HP: 22/22 MP: 0/0
   357 | D:1      | Reached XP level 2. HP: 27/29 MP: 1/1
   915 | D:2      | Reached skill level 4 in Unarmed Combat
   948 | D:2      | Found a bloodstained altar of Trog.
  1083 | D:2      | Found a faded altar of an unknown god.
  1196 | D:2      | Reached XP level 3. HP: 36/36 MP: 2/2
  1686 | D:3      | Reached skill level 5 in Unarmed Combat
  1686 | D:3      | Reached XP level 4. HP: 40/44 MP: 3/3
  1883 | D:3      | Found a runed translucent door.
  1884 | D:3      | Noticed Crazy Yiuf
  2056 | D:3      | Killed Crazy Yiuf
  2084 | D:4      | Noticed Eustachio
  2092 | D:4      | Killed Eustachio
  2092 | D:4      | Noticed a scorpion
  2093 | D:4      | Reached skill level 6 in Unarmed Combat
  2093 | D:4      | Reached XP level 5. HP: 33/50 MP: 4/4
  2101 | D:4      | Reached skill level 7 in Unarmed Combat
  2101 | D:4      | Reached XP level 6. HP: 45/59 MP: 5/5
  2364 | D:4      | Noticed a water moccasin
  2371 | D:4      | Killed a water moccasin
  2372 | D:4      | Reached skill level 8 in Unarmed Combat
  2376 | D:4      | Reached XP level 7. HP: 51/66 MP: 6/6
  2485 | D:4      | Noticed Duvessa
  2485 | D:4      | Noticed Dowan
  2497 | D:4      | Killed Duvessa
  2507 | D:4      | Killed Dowan
  2641 | D:5      | Entered Level 5 of the Dungeon
  2676 | D:5      | Reached skill level 9 in Unarmed Combat
  2697 | D:5      | Found a runed translucent gate.
  2698 | D:5      | Found a runed translucent gate.
  2698 | D:5      | Found a runed translucent gate.
  2714 | D:5      | Noticed Tutankhamun's ghost (novice TrCK)
  2942 | D:5      | Reached XP level 8. HP: 69/74 MP: 7/7
  3191 | D:5      | Gained mutation: Potions are less effective at restoring
                  | your health. [potion of mutation]
  3191 | D:5      | Gained mutation: You are agile. (Dex +2) [potion of
                  | mutation]
  3192 | D:5      | Lost mutation: You are agile. (Dex +2) [potion of mutation]
  3192 | D:5      | Lost mutation: Potions are less effective at restoring your
                  | health. [potion of mutation]
  3192 | D:5      | Gained mutation: You are partially covered in large bone
                  | plates. (SH +4) [potion of mutation]
  3192 | D:5      | Gained mutation: Potions are less effective at restoring
                  | your health. [potion of mutation]
  3192 | D:5      | Gained mutation: Your mind is acute. (Int +2) [potion of
                  | mutation]
  3232 | D:6      | Reached skill level 10 in Unarmed Combat
  3416 | D:6      | Reached skill level 11 in Unarmed Combat
  3497 | D:6      | Lost mutation: Potions are less effective at restoring your
                  | health. [potion of mutation]
  3497 | D:6      | Lost mutation: Your mind is acute. (Int +2) [potion of
                  | mutation]
  3497 | D:6      | Lost mutation: You are partially covered in large bone
                  | plates. (SH +4) [potion of mutation]
  3497 | D:6      | Gained mutation: You are strong-willed. (Will+) [potion of
                  | mutation]
  3497 | D:6      | Gained mutation: Your system is resistant to poisons.
                  | (rPois) [potion of mutation]
  3497 | D:6      | Gained mutation: You passively dampen the noise of your
                  | surroundings. [potion of mutation]
  3812 | D:7      | Reached XP level 9. HP: 70/78 MP: 8/8
  3815 | D:7      | Reached skill level 12 in Unarmed Combat
  4015 | D:7      | Identified the +1 whip of Cheese {vorpal, +Blink Str-4
                  | Int+7}
  4347 | D:7      | Found Ankezxeho's Assorted Antiques.
  4373 | D:7      | Bought a scroll of identify for 58 gold pieces
  4373 | D:7      | Bought a scroll of identify for 58 gold pieces
  4443 | D:7      | Found a staircase to the Ecumenical Temple.
  4461 | D:7      | Cast into level 1 of the Abyss (gnoll sergeant)
  4511 | Abyss:1  | Identified the +6 chain mail of Asiad {rElec Will- Str-3
                  | Dex+7}
  4517 | Abyss:1  | Noticed a wretched star
  4532 | Abyss:1  | Noticed a thrashing horror
  4567 | D:7      | Escaped the Abyss
  4781 | D:7      | Found a sacrificial altar of Ru.
  4783 | D:7      | Found a sparkling altar of Nemelex Xobeh.
  4786 | D:7      | Found a shimmering altar of Xom.
  4791 | D:7      | Found a broken altar of Ashenzari.
  4829 | D:7      | Reached skill level 13 in Unarmed Combat
  5130 | D:8      | Noticed Psyche
  5157 | D:7      | Reached skill level 14 in Unarmed Combat
  5445 | D:8      | Reached XP level 10. HP: 88/88 MP: 8/8
  5511 | D:8      | Killed Psyche
  5767 | D:8      | Found a staircase to the Lair.
  5790 | D:8      | Reached skill level 15 in Unarmed Combat
  5804 | D:8      | Identified the +5 morningstar of a bazaar {vorpal, rElec
                  | rF++}
  6089 | Lair:1   | Entered Level 1 of the Lair of Beasts
  6211 | Lair:1   | Noticed a cane toad
  6224 | Lair:1   | Killed a cane toad
  6680 | Lair:1   | Noticed a cane toad
  6684 | Lair:1   | Killed a cane toad
  6721 | Lair:1   | Noticed a seven-headed hydra
  6757 | Lair:1   | Noticed an ice dragon
  6757 | Lair:1   | a seven-headed hydra changed into an ice dragon
  6948 | Lair:1   | Noticed a spark wasp
  6948 | Lair:1   | an ice dragon changed into a spark wasp
  6952 | Lair:1   | Noticed a fire dragon
  6952 | Lair:1   | a spark wasp changed into a fire dragon
  6957 | Lair:1   | Killed from afar by a fire dragon

Illustrated notes

Levels and vault maps discovered:
D:1:      dpeg_arrival_lava_altar, layout_loops_ring, minmay_crystal_water,
          nrook_uturn
D:2:      layout_basic, basic_altar, chequers_ecumenical_altar_simple_redux,
          nrook_loot_triangle
D:3:      layout_rooms, uniq_crazy_yiuf_cottage
D:4:      layout_rooms, grunt_decor_arrowhead, minmay_misc_feat_enclosed,
          uniq_duvessa, uniq_eustachio
D:5:      layout_basic, ebering_ghost_rock_garden, chequers_garden,
          grunt_ministairs_10
D:6:      layout_cave_pools, eino_tiny_chamber, serial_bayou_ford_a
D:7:      layout_rooms, minitemple, minmay_temple_entry_enclosed_plants,
          serial_shops, nicolae_square_shop, kennysheep_generic_room_16
D:8:      layout_basic, minmay_lair_entry_grove, uniq_psyche
Lair:1:   layout_cave_pods, infiniplex_staircase_pool, grunt_megastairs_4

Skill      XL: |  1  2  3  4  5  6  7  8  9 10 |
---------------+-------------------------------+-----
Unarmed Combat | 4 5 6 7 8 9 11 14 15 | 15.9
Fighting       | |  2.4
Dodging        | |  2.4
Stealth        | |  1.0

Action                   |  1- 3 |  4- 6 |  7- 9 | 10-12 || total
-------------------------+-------+-------+-------+-------++-------
Melee: Unarmed           |    88 |    67 |   315 |   105 ||   575
       Punch             |     3 |     4 |    14 |    10 ||    31
Evoke: Wand              |       |       |       |     8 ||     8
  Use: Scroll            |       |       |    17 |     2 ||    19
       Potion            |       |       |     7 |     6 ||    13
Armor: Robe              |    18 |    29 |    72 |       ||   119
       Steam dragon scal |       |       |    37 |    30 ||    67
Dodge: Dodged            |    30 |    44 |   165 |    45 ||   284
Block: Other             |       |       |     7 |       ||     7
